 Dungeon Crawl Stone Soup version 0.30-a0-475-g03497ec522 (webtiles) character file.

Game seed: 17276024851974744699

81 kae the Firebug (level 4, -3/24 HPs)
             Began as a Tengu Fire Elementalist on Dec 20, 2022.
             Was an Initiate of Vehumet.
             Slain by an orc
             ... wielding a +0 hand axe
              (5 damage)
             ... on level 3 of the Dungeon.
             The game lasted 00:02:45 (3174 turns).

kae the Firebug (Tengu Fire Elementalist)           Turns: 3174, Time: 00:02:46

Health: -3/24      AC:  2    Str:  6 (9)  XL:     4   Next: 42%
Magic:  7/8        EV: 12    Int: 22 (23) God:    Vehumet [......]
Gold:   108        SH:  0    Dex: 11 (14) Spells: 2/8 levels left

rFire   . . .      SeeInvis .    (no weapon)
rCold   . . .      Faith    .    (no shield)
rNeg    . . .      Spirit   .    a - +0 robe
rPois   .          Reflect  .    (helmet restricted)
rElec   .          Harm     .    (no cloak)
rCorr   .          Rampage  .    (no gloves)
Will    .....                    (boots unavailable)
Stlth   ++........               (no amulet)
HPRegen 0.24/turn                I - +6 ring of intelligence
MPRegen 0.11/turn                (no ring)

@: mighty
A: beak, talons 3
a: Renounce Religion


You were on level 3 of the Dungeon.
You worshipped Vehumet.
Vehumet was noncommittal.
You visited 1 branch of the dungeon, and saw 3 of its levels.

You collected 108 gold pieces.


Innate Abilities, Weirdness & Mutations

You have a beak for a mouth.
You have claws for feet.


   Skills:
 - Level 2.1 Dodging
 - Level 2.0 Stealth
 + Level 2.5 Spellcasting
 * Level 3.5 Conjurations
 * Level 4.3 Fire Magic


You had 2 spell levels left.
You knew the following spells:

 Your Spells              Type           Power      Damage    Failure   Level
a - Foxfire               Conj/Fire      80%        2x1d8     2%          1
b - Scorch                Fire           44%        2d7       3%          2
c - Inner Flame           Hex/Fire       12%        N/A       16%         3

Your spell library contained the following spells:

 Spells                   Type           Power      Damage    Failure   Level
 Kindle Blastsparks       Fire/Tloc/Air  18%        2d11      22%         3
 Flame Wave               Conj/Fire      20%        2d7       26%         4

Inventory:

Missiles
 d - 52 stones
 j - 7 poisoned darts
 l - 4 boomerangs
Armour
 a - a +0 robe (worn)
Jewellery
 I - a +6 ring of intelligence (left hand)
   (You found it on level 2 of the Dungeon)
Scrolls
 c - a scroll of torment {!r}
 h - a scroll of immolation {!r!r}
Potions
 b - 2 potions of magic
 e - 2 potions of flight

Dungeon Overview and Level Annotations

Branches:
Dungeon (3/15) Zot: 14805

Altars:
Gozag
Kikubaaqudgha
Ru
Vehumet
Yredelemnul

Annotations:
D:3 exclusions: statue and 1 more exclusion

####### ###.### #.....#
######.... . #.....#
.........## .. #.....##
######..... ...#......#
#....#..### ...)......#
#†##.#..# # ..........#
#.##.#..#
........)#########.##.#.[#
$...#$.#..o@.....#.##.#..#
#+# #.....o#####.#.##.#..#
# #...##.#.# #.#.#.....# #
####...#.# #...###..####
#...#.# ########.....#
##.##.. .........###.# #.
.## ########## #.# #. #
#.. ###


You could see 2 orcs.


Message History

Confirm with . or Enter, or press ? or * to list all spells.
You conjure some foxfire!
The foxfire hits the quokka. 😎 MP[-1]
You lost 1 mp, and now have 7/8 mp.
Casting: Foxfire (safe; 2% risk of failure)
Confirm with . or Enter, or press ? or * to list all spells.
Flames lash the quokka.
You kill the quokka!
Vehumet accepts your kill. 😎 MP[-2]
You lost 2 mp, and now have 5/8 mp.
You see here a quokka corpse.
An orc comes into view. It is wielding a +0 hand axe. 😎 MP[+3]
Your mp is fully restored (8).
An orc is nearby!
Casting: Scorch (safe; 3% risk of failure)
Confirm with . or Enter, or press ? or * to list all spells.
You can't see any susceptible monsters within range! (Use Z to cast anyway.)
An orc is nearby!
An orc is nearby!
Casting: Scorch (safe; 3% risk of failure)
Confirm with . or Enter, or press ? or * to list all spells.
You conjure some foxfire!
The orc shouts!
You hear a shout! x2
An orc wizard comes into view. It is wielding a +0 dagger. 😎 MP[-1]
You lost 1 mp, and now have 7/8 mp.
Casting: Foxfire (safe; 2% risk of failure)
Confirm with . or Enter, or press ? or * to list all spells.
You conjure some foxfire!
The foxfire hits the orc wizard.
An orc comes into view. It is wielding a +0 club.
An orc comes into view. It is wielding a +0 short sword.
There are monsters nearby!
Casting: Foxfire (safe; 2% risk of failure)
Confirm with . or Enter, or press ? or * to list all spells.
You conjure some foxfire!
The foxfire hits the orc wizard. x2
The orc wizard points at you and mumbles some strange words.
You are confused.
The foxfire hits the orc. 😎 MP[-2]
You lost 2 mp, and now have 5/8 mp.
You're too confused to cast spells.
It was a potion of might.
You feel very mighty all of a sudden.
The foxfire hits the orc!
You kill the orc!
Vehumet accepts your kill.
The orc wizard mumbles some strange words.
The orc wizard flickers and vanishes!
Deactivating autopickup; reactivate with Ctrl-A.
Unknown command.
It was a potion of degeneration.
There was something very wrong with that liquid.
You feel weakened.
You feel dopey.
You feel clumsy.
An orc comes into view. It is wielding a +0 mace.
Unknown command.
You bump into the rock wall. 😎 MP[+1]
You bump into the rock wall.
The orc hits you with a +0 short sword. 😕 HP[-2]
You take 2 damage, and now have 22/24 hp.
Unknown command.
The orc attacks as you move away! The orc hits you with a +0 short sword.
You feel less confused. Something hits you. 😮 HP[-7]
You take 7 damage, and now have 15/24 hp.
MASSIVE DAMAGE!! (PAUSE)
You hit the orc. The orc hits you with a +0 short sword.
* * * LOW HITPOINT WARNING * * *
Something hits you.
* * * LOW HITPOINT WARNING * * *
😨 HP[-6]
You take 6 damage, and now have 9/24 hp.
MASSIVE DAMAGE!! (PAUSE)
You punch the orc!
You kill the orc!
Vehumet accepts your kill. The orc closely misses you. Something hits you.
* * * LOW HITPOINT WARNING * * *
😱 HP[-3]
You take 3 damage, and now have 6/24 hp.
Okay, then.
Okay, then.
Something hits you.
* * * LOW HITPOINT WARNING * * *
The orc closely misses you.
Things that are here:
a +0 short sword; a +0 scale mail; 😱 HP[-4]
You take 4 damage, and now have 2/24 hp.
The orc attacks as you move away! The orc hits you with a +0 mace.
* * * LOW HITPOINT WARNING * * *
😱 HP[-1] MP[+1]
You take 1 damage, and now have 1/24 hp. 😱 HP[+1]
The orc attacks as you move away! The orc hits you with a +0 hand axe.
You die...

Skill      XL: |  1  2  3 |
---------------+----------+-----
Conjurations   | 2 3 |  3.5
Fire Magic     | 4 |  4.3
Dodging        | |  2.1
Stealth        | |  2.0
Spellcasting   | |  2.5

Action                   |  1- 3 |  4- 6 || total
-------------------------+-------+-------++-------
Melee: Unarmed           |     4 |     2 ||     6
       Kick              |     2 |       ||     2
       Peck              |     2 |       ||     2
 Cast: Foxfire           |    69 |    60 ||   129
       Scorch            |     3 |     3 ||     6
  Use: Scroll            |     4 |     4 ||     8
       Potion            |       |     2 ||     2
Armor: Robe              |     3 |     2 ||     5
Dodge: Dodged            |     7 |    13 ||    20

Levels and vault maps discovered:
D:1:      dpeg_arrival_castle, layout_loops_cross
D:2:      layout_loops_cross, ebering_ecumenical_altar_sacrificial,
          hangedman_abyss_or_decor_lesser_grid, chequers_big_river,
          serial_bayou_pond_c
D:3:      cheibrodos_fertilizer, layout_basic, vehumet_statue,
          mainiacjoe_overflow_concentric_impassable,
          gammafunk_temple_overflow_forgotten

Notes
Turn   | Place    | Note
-------+----------+-------------------------------------------
     0 | D:1      | kae the Tengu Fire Elementalist began the quest for the
                  | Orb.
     0 | D:1      | Reached XP level 1. HP: 10/10 MP: 4/4
     0 | D:1      | magus.rc [v1.11.3]
   193 | D:1      | Reached skill level 2 in Conjurations
   193 | D:1      | Reached XP level 2. HP: 15/15 MP: 3/6
   680 | D:1      | Reached XP level 3. HP: 19/19 MP: 5/7
   683 | D:1      | Learned a level 2 spell: Scorch
   687 | D:1      | Learned a level 3 spell: Inner Flame
  1244 | D:2      | Reached skill level 4 in Fire Magic
  1581 | D:2      | Reached skill level 3 in Conjurations
  1626 | D:2      | Reached XP level 4. HP: 24/24 MP: 5/8
  1768 | D:2      | Found a faded altar of an unknown god.
  2199 | D:3      | Found a radiant altar of Vehumet.
  2199 | D:3      | Noticed a charred statue
  2534 | D:3      | Became a worshipper of Vehumet
  2694 | D:3      | Identified the -1 barding of Haan {+Blink rN++ Str+3}
  3008 | D:3      | Found a basalt altar of Yredelemnul.
  3043 | D:3      | Found an opulent altar of Gozag.
  3064 | D:3      | Found an ancient bone altar of Kikubaaqudgha.
  3064 | D:3      | Found a sacrificial altar of Ru.
  3169 | D:3      | HP: 6/24 [something (4)]
  3170 | D:3      | HP: 2/24 [something (4)]
  3174 | D:3      | Slain by an orc

Vanquished Creatures
  2 adders (D:2)
  A dart slug (D:2)
  2 orcs (D:3)
  7 ball pythons
  7 endoplasms
  A giant cockroach (D:3)
  5 hobgoblins (D:1)
  6 quokkas
  2 bats
  5 frilled lizards
  14 kobolds
  6 rats
58 creatures vanquished.

Vanquished Creatures (others)
  223 foxfires
  A plant (D:3)
  10 toadstools (D:3)
234 creatures vanquished.

Grand Total: 292 creatures vanquished

Table legend:
 A = Non-vault XP
 B = Vault XP
 C = Vault XP percentage of total XP
 D = Non-vault monster count
 E = Vault monster count
 F = Vault count percentage of total count
                 A         B        C        D         E       F
            +---------+---------+-------+---------+---------+-------
      Total |     107 |      10 |   8.5 |      50 |       8 |  13.8
            +---------+---------+-------+---------+---------+-------
        D:1 |      44 |       0 |   0.0 |      27 |       0 |   0.0
        D:2 |      42 |       0 |   0.0 |      11 |       0 |   0.0
        D:3 |      21 |      10 |  32.3 |      12 |       8 |  40.0
            +---------+---------+-------+---------+---------+-------

Illustrated notes

Table legend:
 A = Kills in this place as a percentage of kills in entire the game.
 B = Kills by you in this place as a percentage of kills by you in the entire game.
 C = Kills by friends in this place as a percentage of kills by friends in the entire game.
 D = Other kills in this place as a percentage of other kills in the entire game.
 E = Experience gained in this place as a percentage of experience gained in the entire game.
 F = Experience gained in this place divided by the number of levels of this place that you have seen.
                   A       B       C       D       E      F
               +-------+-------+-------+-------+-------+----------------------
         Total | 100.0 | 100.0 |   N/A |   N/A | 100.0 |  39.0
       Dungeon | 100.0 | 100.0 |   N/A |   N/A | 100.0 |  39.0
               +-------+-------+-------+-------+-------+----------------------

Table legend: (Time is in decaauts)
 A = Elapsed time spent in this place.
 B = Non-inter-level travel time spent in this place.
 C = Inter-level travel time spent in this place.
 D = Time resting spent in this place.
 E = Time spent auto-exploring this place.
 F = Levels seen in this place.
 G = Mean time per level.
                   A        B        C        D        E       F      G
               +--------+--------+--------+--------+--------+-----+--------+
         Total |   3194 |   3138 |     56 |    313 |   2339 |   3 | 1064.7 |
       Dungeon |   3194 |   3138 |     56 |    313 |   2339 |   3 | 1064.7 |
               +--------+--------+--------+--------+--------+-----+--------+

Top non-repeatable levels by time:
     D:1: 1164 daAuts
     D:3: 1042 daAuts
     D:2: 987 daAuts
